 Dungeon Crawl Stone Soup version 0.26.1-11-gd32895ea62 (webtiles) character file.

Game seed: 3132852221047249601

256 Zeld the Twirler (level 6, -6/39 HPs)
             Began as an Octopode Gladiator on May 21, 2021.
             Mangled by a gnoll
             ... wielding a +0 halberd
              (12 damage)
             ... on level 3 of the Dungeon.
             The game lasted 00:03:35 (4686 turns).

Zeld the Twirler (Octopode Gladiator)               Turns: 4686, Time: 00:03:36

Health: -6/39      AC:  1    Str: 14    XL:     6   Next: 15%
Magic:  6/6        EV: 14    Int: 10    God:
Gold:   180        SH:  0    Dex: 15    Spells: 5/5 levels left

rFire    . . .     SeeInvis .   a - +0 quarterstaff
rCold    . . .     Faith    .   (shield currently unavailable)
rNeg     . . .     Spirit   .   b - +0 hat
rPois    .         Reflect  .   (no amulet)
rElec    .         Harm     .   (no ring)
rCorr    .         Rampage  .   (no ring)
Will     .....                  (no ring)
Stlth    ++........             (no ring)
HPRegen  0.13/turn              (no ring)
MPRegen  0.10/turn              (no ring)
                                (no ring)
                                (no ring)

@: no status effects
A: almost no armour, stealthy swim, amphibious, 8 rings, constrict 8, camouflage
1, gelatinous body 1
a: no special abilities


You were on level 3 of the Dungeon.
You visited 1 branch of the dungeon, and saw 4 of its levels.

You collected 180 gold pieces.

Inventory:

Hand Weapons
 a - a +0 quarterstaff (weapon)
Missiles
 c - 2 throwing nets (quivered)
 i - 5 silver boomerangs
 k - 7 curare-tipped darts
Armour
 b - a +0 hat (worn)
Jewellery
 f - an uncursed ring of ice {unknown}
Scrolls
 d - 3 scrolls of identify {unknown}
 e - 3 scrolls of teleportation {unknown}
 g - a scroll of remove curse {unknown}
 h - a scroll of fear {unknown}
 j - a scroll of magic mapping {unknown}
 l - a scroll of random uselessness {unknown}


   Skills:
 - Level 2.0 Fighting
 * Level 6.7 Staves
 - Level 2.0 Throwing
 - Level 3.0 Dodging


You had 5 spell levels left.
You didn't know any spells.
Your spell library was empty.

Dungeon Overview and Level Annotations

Branches:
Dungeon (4/15)
 Temple: D:4-7

Altars:
Gozag
Sif Muna
Vehumet
Xom


Innate Abilities, Weirdness & Mutations

You cannot wear most types of armour.
You are very stealthy in the water. (Stealth+)
You are amphibious.
You can wear up to eight rings at the same time.
You can use your tentacles to constrict eight enemies at once.
Your skin changes colour to match your surroundings (Stealth+).
Your rubbery body absorbs attacks. (AC +1, EV +1)


Message History

The gnoll misses you.
The gnoll shaman calls upon its god to heal the gnoll.
The gnoll's wounds heal themselves!
You see here a +0 flail.
The gnoll completely misses you. The gnoll hits you with a +0 flail.
* * * LOW HITPOINT WARNING * * *
The gnoll misses you.
The gnoll hits you from afar with a +0 spear.
* * * LOW HITPOINT WARNING * * *
Unknown command.
The gnoll is no longer moving quickly.
The gnoll is no longer moving quickly.
The gnoll is no longer moving quickly.
You are no longer glowing.
The gnoll hits you with a +0 club!
* * * LOW HITPOINT WARNING * * *
A gnoll sergeant comes into view. It is wielding a +0 spear.
The gnoll sergeant moves out of view.
The gnoll hits you from afar with a +0 halberd!
You die...

#.# .'....'. #. #'# #....# #'
..#############''''#############.
..#.................)..........#.
###ggg≈≈g≈≈≈≈≈≈....)≈≈≈≈≈≈≈≈≈≈≈##
≈≈≈≈≈≈≈≈≈≈≈≈≈≈≈....≈≈≈≈≈≈≈≈≈≈≈≈≈≈
≈≈≈≈≈≈)≈≈≈≈≈≈≈≈..g.≈≈≈≈)≈≈≈≈≈≈≈≈≈
..gg........g....................
................@.......>########
##########.#########.###.#
..................##.....#
########......###.######## #
#......# #.##### # #......#
#.....###### # #####....[.#
#.##.......# # #..........#
#.#........# # #.......####
###........#


You could see a gnoll sergeant (wandering) and a gnoll.

Vanquished Creatures
  An orc wizard (D:3)
  12 gnolls (D:3)
  3 adders (D:3)
  An ooze (D:1)
  A worm (D:3)
  A dart slug (D:3)
  5 leopard geckos
  3 orcs (D:3)
  A ball python (D:2)
  6 bats
  3 giant cockroaches
  6 goblins
  5 hobgoblins
  14 jackals
  3 kobolds
  A quokka (D:2)
  2 frilled lizards (D:2)
  2 rats (D:2)
70 creatures vanquished.

Vanquished Creatures (others)
  8 plants (D:3)
8 creatures vanquished.

Grand Total: 78 creatures vanquished

Notes
Turn   | Place    | Note
-------+----------+-------------------------------------------
     0 | D:1      | Zeld the Octopode Gladiator began the quest for the Orb.
     0 | D:1      | Reached XP level 1. HP: 14/14 MP: 1/1
   202 | D:1      | Reached XP level 2. HP: 19/19 MP: 2/2
   587 | D:1      | Reached skill level 4 in Staves
   753 | D:1      | Reached XP level 3. HP: 20/24 MP: 3/3
  1053 | D:2      | Found an opulent altar of Gozag.
  1553 | D:2      | Found a shimmering blue altar of Sif Muna.
  2124 | D:3      | Reached XP level 4. HP: 21/29 MP: 4/4
  2131 | D:3      | Reached skill level 5 in Staves
  2332 | D:3      | Found a faded altar of an unknown god.
  2964 | D:3      | Found a radiant altar of Vehumet.
  3409 | D:3      | Reached XP level 5. HP: 26/34 MP: 5/5
  3472 | D:2      | Found a shimmering altar of Xom.
  3472 | D:2      | Found a radiant altar of Vehumet.
  4029 | D:3      | Reached skill level 6 in Staves
  4518 | D:3      | Reached XP level 6. HP: 37/39 MP: 6/6
  4592 | D:3      | HP: 1/39 [gnoll/+0 spear (1)]
  4686 | D:3      | Mangled by a gnoll

Illustrated notes

Levels and vault maps discovered:
D:1:      dpeg_arrival_three_smaller_balls, layout_basic
D:2:      layout_basic, grunt_gozag_breadcrumbs, nicolae_overflow_crystal_walls,
          nicolae_overflow_hidden_temple
D:3:      lemuel_castle_with_subvaults [lemuel_castle_interior_original],
          layout_basic, chequers_ecumenical_altar_lobes,
          roderic_serpentine_path, amcnicky_altar_gilded
D:4:      layout_basic, minmay_temple_entry_hall, kennysheep_path_1, uniq_edmund

Skill      XL: |  1  2  3  4  5 |
---------------+----------------+-----
Staves         | 4 5 6 |  6.7
Fighting       | |  2.0
Throwing       | |  2.0
Dodging        | |  3.0

Action                   |  1- 3 |  4- 6 || total
-------------------------+-------+-------++-------
Melee: Quarterstaff      |    53 |   102 ||   155
       Tentacles         |    14 |    13 ||    27
       Constrict         |    14 |    32 ||    46
Throw: Throwing net      |       |     1 ||     1
 Stab: Sleeping          |     5 |     9 ||    14
       Distracted        |     1 |     1 ||     2
Armor: Skin              |     2 |     6 ||     8
Dodge: Dodged            |    37 |    88 ||   125
